 Dungeon Crawl Stone Soup version 0.30-a0-757-ga6a79fd877 (webtiles) character file.

Game seed: 2110602382331700567

189 boo the Poker (level 5, -1/41 HPs)
             Began as a Merfolk Gladiator on Feb 9, 2023.
             Slain by an iguana (12 damage)
             ... on level 4 of the Dungeon.
             The game lasted 00:09:01 (3067 turns).

boo the Poker (Merfolk Gladiator)                   Turns: 3067, Time: 00:09:01

Health: -1/41      AC:  8    Str: 16    XL:     5   Next: 68%
Magic:  5/5        EV: 14    Int:  7    God:
Gold:   69         SH:  0    Dex: 16    Spells: 4/4 levels left

rFire   . . .      SeeInvis +    a - +0 trident
rCold   . . .      Faith    .    (no shield)
rNeg    . . .      Spirit   .    b - +0 leather armour
rPois   .          Reflect  .    c - +0 helmet
rElec   .          Harm     .    (no cloak)
rCorr   .          Rampage  .    (no gloves)
Will    .....                    (no boots)
Stlth   +                        (no amulet)
HPRegen 0.26/turn                l - +4 ring of protection
MPRegen 0.09/turn                s - ring of see invisible

@: studying Fire Magic
A: (nimble swimmer 2), mertail
a: no special abilities


You were on level 4 of the Dungeon.
You visited 1 branch of the dungeon, and saw 4 of its levels.

You collected 109 gold pieces.
You spent 40 gold pieces at shops.

Inventory:

Hand Weapons
 a - a +0 trident (weapon)
Missiles
 d - 3 throwing nets (quivered)
 e - a javelin
Armour
 b - a +0 leather armour (worn)
 c - a +0 helmet (worn)
Jewellery
 l - a +4 ring of protection (left hand)
 s - a ring of see invisible (right hand)
Scrolls
 i - a scroll of magic mapping
 n - a scroll of teleportation
 p - a scroll of amnesia
 q - a scroll of enchant armour
 r - 2 scrolls of identify
Potions
 f - 3 potions of curing
 g - 3 potions of flight {unknown}
 h - a potion of haste {unknown}
 j - 2 potions of ambrosia {unknown}
 k - 2 potions of berserk rage {unknown}
 m - a potion of attraction {unknown}
 o - 2 potions of invisibility {unknown}
 t - a potion of magic {unknown}


   Skills:
 + Level 3.6 Fighting
 * Level 6.4 Polearms
 - Level 2.0 Throwing
 + Level 5.2 Dodging


You had 4 spell levels left.
You didn't know any spells.
Your spell library contained the following spells:

 Spells                   Type           Power      Damage    Failure   Level
 Scorch                   Fire           0%         2d5       65%         2
 Animate Dead             Necr           0%         N/A       99%         4
 Flame Wave               Conj/Fire      0%         2d4       99%         4
 Agony                    Necr           0%         N/A       100%        5
 Borgnjor's Vile Clutch   Necr/Erth      0%         N/A       100%        5
 Haunt                    Necr/Summ      0%         N/A       100%        7
 Infestation              Necr           0%         N/A       100%        8


Dungeon Overview and Level Annotations

Branches:
Dungeon (4/15)
 Temple: D:4-7

Altars:
The Shining One

Shops:
D:3 ?   D:4 =

Annotations:
D:3 3 runed translucent doors, sargonster's ghost, amateur TrBe


Innate Abilities, Weirdness & Mutations

((You are very nimble when in or above water. (Stealth+, EV+, Speed+++)))
Your lower body shifts to a powerful aquatic tail in water.


Message History

The hobgoblin attacks as you move away! The hobgoblin closely misses you.
The iguana attacks as you move away! The iguana bites you.
The hobgoblin attacks as you move away! The hobgoblin misses you.
You puncture the hobgoblin!
You kill the hobgoblin!
The iguana barely misses you. The jackal closely misses you.
You see here a hobgoblin corpse.
You hit the iguana but do no damage.
The iguana is moderately wounded.
The iguana bites you!
The jackal bites you but does no damage.
You closely miss the iguana.
The iguana is moderately wounded.
The jackal barely misses you.
The iguana bites you but does no damage.
You closely miss the iguana.
The iguana is moderately wounded.
The jackal barely misses you. The iguana bites you!
* * * LOW HITPOINT WARNING * * *
The jackal barely misses you.
You hit the iguana but do no damage.
The iguana is moderately wounded.
The iguana barely misses you.
You hit the iguana.
The iguana is heavily wounded.
The iguana closely misses you.
You hit the iguana but do no damage.
The iguana is heavily wounded.
The iguana closely misses you.
The iguana hisses menacingly.
You hit the iguana.
The iguana is severely wounded.
The iguana closely misses you.
You barely miss the iguana.
The iguana is severely wounded.
The iguana bites you but does no damage.
You hit the iguana.
The iguana is almost dead.
The iguana bites you!
You die...

## ..# ... ..### ....
##... . .....#... .##
. ........# ... .
#l## #.####. #hh#
#....#. ##l# #.##...
#@## ##.##... #..#
#..#.... ##.##
#....#.. #..#
#..###.. ##.# ##..#
#.. #.## #...# #..
#..### #..## #..
##...###..# ##.
.......##...†(######.


You could see 2 iguanas and 2 jackals.

Vanquished Creatures
  Terence (D:2)
  An orc wizard (D:3)
  3 adders
  A worm (D:2)
  4 dart slugs
  8 orcs (D:3)
  8 bats
  11 endoplasms
  2 giant cockroaches
  11 goblins
  11 hobgoblins
  5 quokkas
  4 ball pythons
  2 frilled lizards (D:1)
  9 kobolds
  6 rats
87 creatures vanquished.

Notes
Turn   | Place    | Note
-------+----------+-------------------------------------------
     0 | D:1      | boo the Merfolk Gladiator began the quest for the Orb.
     0 | D:1      | Reached XP level 1. HP: 16/16 MP: 1/1
   176 | D:1      | Reached XP level 2. HP: 23/23 MP: 2/2
   642 | D:1      | Reached XP level 3. HP: 28/28 MP: 3/3
   906 | D:2      | Reached skill level 5 in Polearms
   960 | D:2      | Found a faded altar of an unknown god.
  1222 | D:2      | Reached XP level 4. HP: 25/35 MP: 4/4
  1299 | D:2      | Noticed Terence
  1316 | D:2      | Killed Terence
  1699 | D:2      | Identified the +6 long sword "Siasixoa" {drain, rElec rF-
                  | Int+4 SInv}
  1958 | D:3      | Reached XP level 5. HP: 41/41 MP: 5/5
  2020 | D:3      | Found a glowing golden altar of the Shining One.
  2035 | D:3      | Found Mureq's Magic Scroll Emporium.
  2038 | D:3      | Bought a scroll of identify for 20 gold pieces
  2038 | D:3      | Bought a scroll of identify for 20 gold pieces
  2108 | D:3      | Reached skill level 5 in Dodging
  2159 | D:3      | Reached skill level 6 in Polearms
  2167 | D:3      | Got Gios's Guide on Open Graves and the Bonfire
  2368 | D:3      | Found a runed translucent gate.
  2369 | D:3      | Found a runed translucent gate.
  2369 | D:3      | Found a runed translucent gate.
  2370 | D:3      | Noticed sargonster's ghost (amateur TrBe)
  2937 | D:4      | Found Yplazeaw's Jewellery Shop.
  3067 | D:4      | Slain by an iguana

Illustrated notes

Levels and vault maps discovered:
D:1:      wheals_arrival_linesprint, layout_loops_ring, minmay_box_of_dots
D:2:      layout_loops_corners, hellmonk_ecumenical_altar_zigzags, uniq_terence
D:3:      minmay_skewed_foursquare, layout_loops_corners,
          overflow_temple_1_default, serial_bayou, serial_bayou_pond_e,
          serial_bayou_lake_a, serial_bayou_pond_b, serial_bayou_pond_a,
          serial_shops, nicolae_shop_behind_doors, ebering_ghost_rock_garden
D:4:      minmay_door_path, layout_rooms, serial_shops, shop

Skill      XL: |  1  2  3  4  5 |
---------------+----------------+-----
Polearms       | 5 6 |  6.4
Fighting       | 3 |  3.6
Dodging        | 5 |  5.2
Throwing       | |  2.0

Action                     |  1- 3 |  4- 6 || total
---------------------------+-------+-------++-------
  Melee: Trident           |   128 |   183 ||   311
         Punch             |     4 |     2 ||     6
    Use: Scroll            |       |     5 ||     5
   Stab: Sleeping          |     3 |     1 ||     4
 Armour: Leather armour    |    28 |    35 ||    63
  Dodge: Dodged            |    41 |   103 ||   144

Table legend: (Time is in decaauts)
 A = Elapsed time spent in this place.
 B = Non-inter-level travel time spent in this place.
 C = Inter-level travel time spent in this place.
 D = Time resting spent in this place.
 E = Time spent auto-exploring this place.
 F = Levels seen in this place.
 G = Mean time per level.
                   A        B        C        D        E       F      G
               +--------+--------+--------+--------+--------+-----+--------+
         Total |   3046 |   2978 |     68 |    197 |   2174 |   4 |  761.5 |
       Dungeon |   3046 |   2978 |     68 |    197 |   2174 |   4 |  761.5 |
               +--------+--------+--------+--------+--------+-----+--------+

Top non-repeatable levels by time:
     D:3: 1096 daAuts
     D:2: 976 daAuts
     D:1: 841 daAuts
     D:4: 132 daAuts
